 Dungeon Crawl Stone Soup version 0.13.0-26-gf7ffa3a (webtiles) character file.

21069 M4edhros the Covert (level 12, -3/70 HPs)
             Began as an Octopode Artificer on Oct 30, 2013.
             Was a High Priest of Fedhas.
             Killed from afar by a wizard (9 damage)
             ... with a bolt of fire
             ... on Level 13 of the Dungeon on Oct 31, 2013.
             The game lasted 01:20:01 (12887 turns).

M4edhros the Covert (Octopode Artificer)           Turns: 12887, Time: 01:20:06

HP  -3/70        AC  6     Str 11      XL: 12   Next: 74%
MP  25/25        EV  2     Int 22      God: Fedhas [*****.]
Gold 1087        SH  0     Dex 13      Spells:  6 memorised,  3 levels left

Res.Fire  : . . .   See Invis. : .   q - +3,+5 sling (flame)
Res.Cold  : . . .   Warding    : .   (no shield)
Life Prot.: + + +   Conserve   : .   M - +2 elf cap
Res.Poison: +       Res.Corr.  : .   (no amulet)
Res.Elec. : .       Clarity    : .   u - +4 ring of intelligence
Sust.Abil.: . .     Spirit.Shd : .   l - ring of protection from magic
Res.Mut.  : .       Stasis     : .   J - cursed -2 ring of evasion
Res.Rott. : +       Flight     : .   (no ring)
Saprovore : . . .                    (no ring)
                                     (no ring)
                                     (no ring)
                                     (no ring)

@: petrified, quick, quite resistant to hostile enchantments, very stealthy
A: almost no armour, amphibious, 8 rings, constrict 8, camouflage 1, slow
metabolism 2, AC +4
a: Evolution, Sunlight, Growth, Reproduction, Rain, Renounce Religion


You were on level 13 of the Dungeon.
You worshipped Fedhas.
Fedhas was extremely pleased with you.
You were not hungry.

You visited 1 branch of the dungeon, and saw 13 of its levels.
You also visited: Ossuary.

You collected 1067 gold pieces.

Inventory:

Hand weapons
 q - a +3,+5 sling of flame (weapon)
 z - a +0 blowgun
 B - a +1,+0 orcish short sword of freezing
 H - a +0,+0 trident of flaming
Missiles
 r - 52 stones
 s - 32 sling bullets (quivered)
 I - 17 steel sling bullets
 T - 13 curare-tipped needles
Armour
 M - a +2 elven cap (worn)
Magical devices
 b - a wand of flame (9)
 c - a wand of enslavement (8)
 d - a wand of random effects (12)
 g - a wand of confusion (9)
 o - a wand of draining (3)
 D - a wand of lightning (4)
 F - a wand of flame (10)
 N - a wand of digging (10)
 P - a wand of fire (11)
 S - a wand of disintegration (4)
Comestibles
 f - 2 bread rations
 k - 2 chokos
 x - a rotting chunk of worker ant flesh
 L - 9 snozzcumbers
Scrolls
 e - 6 scrolls of teleportation
 m - 3 scrolls of identify
 n - a scroll of fog
 p - a scroll of magic mapping
 t - 2 scrolls of blinking
 y - 2 scrolls of fear
 O - a scroll of remove curse
Jewellery
 l - a ring of protection from magic (right tentacle)
 u - a +4 ring of intelligence (left tentacle)
 w - an uncursed ring of hunger
 J - a cursed -2 ring of evasion (on tentacle)
Potions
 a - 4 potions of resistance
 h - a potion of brilliance
 i - 4 potions of curing
 v - a potion of invisibility
 C - 3 potions of heal wounds
 E - 3 potions of might
 G - 2 potions of speed
Books
 j - a book of Necromancy

   Spells                             Type                      Level
   Pain                               Necromancy                   1
   Animate Skeleton                   Necromancy                   1
   Lethal Infusion                    Charms/Necromancy            2
   Vampiric Draining                  Necromancy                   3
   *Regeneration                      Charms/Necromancy            3
   Animate Dead                       Necromancy                   4
   Control Undead                     Necromancy                   4
 A - a book of Spatial Translocations

   Spells                             Type                      Level
   Apportation                        Translocation                1
   *Portal Projectile                 Translocation                2
   *Blink                             Translocation                2
   Shroud of Golubria                 Charms/Translocation         2
   Teleport Other                     Translocation                3
   Passage of Golubria                Translocation                4


   Skills:
 - Level 1.0 Fighting
 - Level 1.0 Short Blades
 * Level 10.6 Slings
 - Level 2.0 Dodging
 + Level 12.1 Stealth
 * Level 4.8 Spellcasting
 * Level 5.6 Charms
 - Level 3.1 Necromancy
 * Level 5.8 Earth Magic
 + Level 9.9 Invocations
 + Level 9.5 Evocations


You had 3 spell levels left.
You knew the following spells:

 Your Spells              Type           Power        Failure   Level  Hunger
a - Swiftness             Chrm/Air       ###.......   6%          2    None
b - Passwall              Trmt/Erth      ###.......   12%         3    ##.....
c - Lee's Rapid Deconstr  Erth           ####......   28%         5    #####..
d - Regeneration          Chrm/Necr      ###.......   6%          3    ##.....
e - Portal Projectile     Tloc           #.....       17%         2    None
f - Blink                 Tloc           N/A          17%         2    None


Dungeon Overview and Level Annotations

Branches:
Dungeon (13/27)            Temple (0/1) D:5             Orc (0/4) D:6
   Lair (0/8) D:12

Altars:
Ashenzari
Elyvilon
Fedhas
Makhleb
the Shining One

Shops:
D:12 [*

Portals:
Trove: D:10 (give 2 potions of cure mutation)


Innate Abilities, Weirdness & Mutations

You cannot wear most types of armour.
You are amphibious.
You can wear up to eight rings at the same time.
You can use your tentacles to constrict many enemies at once.
Your skin changes colour to match your surroundings (Stlth).
Your rubbery body absorbs attacks (AC +1).
You are partially covered in molten scales (AC +1).
You are partially covered in thin metallic scales (AC +2).
You need consume almost no food.


Message History

The wizard hits your wandering mushroom with a glowing orcish dagger.
The eight-headed hydra bites you.
The eight-headed hydra bites you but does no damage.
The eight-headed hydra bites you! The eight-headed hydra bites you.
The eight-headed hydra bites you!
* * * LOW HITPOINT WARNING * * *
The eight-headed hydra bites you!
* * * LOW HITPOINT WARNING * * *
The eight-headed hydra bites you but does no damage.
The eight-headed hydra bites you!
* * * LOW HITPOINT WARNING * * *
Your wandering mushroom barely misses the wizard.
The wizard gestures at you while chanting.
The bolt of fire hits your wandering mushroom.
Your wandering mushroom is destroyed!
You feel a little guilty.
Helpless, you fail to dodge the bolt of fire.
One of your 7 scrolls of teleportation catches fire!
You die...
Fedhas appreciates your contribution to the ecosystem.

#.....##.......@
##....##......( ###
##....#....# #/#
##......# ###
#.....###########
##......).......##
#.##......).....(##
.@##.#########.......###
..##.## ##.@......##.
..#####
######..D..(....... .
##...........@.......#
.. .##......(......###
(.. #.......(..####=
.... #...)........#
....####......)((...
...# ##.)......(.. .
..........(


You could see an eight-headed hydra and a wizard.

Vanquished Creatures
  An unseen horror (D:13)
  Erica (D:12)
  A centaur warrior (D:13)
  A hydra (D:11)
  A hill giant (D:12)
  Pikel (D:7)
  3 wizards (D:13)
  Maurice (D:12)
  Sonja (D:10)
  A troll (D:12)
  Prince Ribbit (D:6)
  6 slime creatures
  2 shadows
  3 ugly things (D:13)
  Eustachio (D:7)
  2 hippogriffs (D:7)
  7 yaks (D:11)
  A manticore (D:9)
  2 phantoms
  3 orc warriors
  A sky beast (D:7)
  6 ogres
  2 tengu (D:10)
  A boring beetle (D:12)
  Duvessa (D:7)
  13 centaurs
  Blork the orc (D:6)
  9 giant frogs
  A wyvern skeleton (D:11)
  3 wights (D:6)
  10 killer bees
  The ghost of lauthentik the Charmwright, a weakling DgSk (D:3)
  A hippogriff skeleton (D:9)
  A troll skeleton (D:7)
  Dowan (D:7)
  5 crimson imps
  2 jellies
  11 orc wizards
  2 centaur skeletons
  3 hounds
  8 orc priests
  2 giant frog skeletons
  3 scorpions
  A two-headed ogre skeleton (D:11)
  2 gnoll shamans
  3 iguanas
  5 worker ants
  Jessica (D:2)
  3 mottled dragon skeletons
  10 mummies (Ossuary)
  2 ogre skeletons
  A big kobold skeleton (D:9)
  11 gnolls
  10 adders
  2 giant centipedes
  4 giant mites
  An iguana skeleton (D:4)
  7 giant eyeballs
  7 giant geckos
  47 orcs
  11 bats
  A bat skeleton (D:4)
  5 giant cockroaches
  13 goblins
  14 hobgoblins
  3 jackals (D:2)
  13 kobolds
  5 quokkas
  2 ball pythons
  4 giant newts
  A gnoll skeleton (Ossuary)
  A goblin skeleton (D:4)
  A hobgoblin skeleton (Ossuary)
  2 kobold skeletons (Ossuary)
  A kobold zombie (Ossuary)
  3 orc skeletons (Ossuary)
  A quokka skeleton (D:4)
  15 rats
341 creatures vanquished.

Vanquished Creatures (collateral kills)
  The ghost of Duskembrace the Grappler, an experienced TrMo of Makhleb (D:8)
  An unseen horror (D:13)
  2 hill giants
  2 wizards (D:13)
  Psyche (D:8)
  7 orc warriors
  A troll (D:9)
  3 slime creatures
  2 yaks (D:11)
  A steam dragon (D:12)
  2 ugly things (D:13)
  A hill giant skeleton (D:12)
  Menkaure (D:6)
  3 manticores
  A phantom (D:10)
  An ice beast (D:8)
  An ogre (D:5)
  A sky beast (D:12)
  2 boring beetles (D:12)
  2 giant frogs
  A killer bee (D:12)
  2 goliath beetles
  4 wights (D:9)
  A quasit (D:6)
  2 orc priests
  2 giant frog skeletons
  7 orc wizards
  A mottled dragon zombie (D:12)
  2 mummies
  3 gnolls
  2 adders
  A worm (D:6)
  26 orcs
  2 hobgoblins
  A quokka (D:6)
93 creatures vanquished.

Vanquished Creatures (others)
  17 wandering mushrooms
  3 slaves (D:7)
  An orc priest (D:6)
  A sky beast zombie (D:5)
  A worker ant zombie (D:4)
  A goliath beetle zombie (D:13)
  4 orcs
  A hobgoblin (D:9)
  2 giant spores
  2 fungi (D:7)
  A plant (D:7)
  226 toadstools
260 creatures vanquished.

Grand Total: 694 creatures vanquished

Notes
Turn   | Place    | Note
--------------------------------------------------------------
     0 | D:1      | M4edhros, the Octopode Artificer, began the quest for the Orb.
     0 | D:1      | Reached XP level 1. HP: 14/14 MP: 1/1
   186 | D:1      | Reached XP level 2. HP: 12/19 MP: 3/3
   581 | D:2      | Reached skill level 4 in Stealth
   581 | D:2      | Reached XP level 3. HP: 18/24 MP: 4/4
   934 | D:2      | Reached skill level 5 in Stealth
  1027 | D:2      | Reached XP level 4. HP: 13/29 MP: 6/6
  1185 | D:2      | Found a blossoming altar of Fedhas.
  1384 | D:2      | Became a worshipper of Fedhas Madash
  1501 | D:2      | Found a shattered altar of Ashenzari.
  1528 | D:2      | Reached skill level 1 in Slings
  1582 | D:2      | Noticed Jessica
  1589 | D:2      | Killed Jessica
  1589 | D:2      | Reached skill level 6 in Stealth
  1591 | D:2      | Reached XP level 5. HP: 23/34 MP: 7/7
  1749 | D:3      | Noticed lauthentik's ghost (weakling DgSk)
  2145 | D:3      | Killed lauthentik's ghost
  2237 | D:3      | Acquired Fedhas' first power
  2826 | D:3      | Reached XP level 6. HP: 36/39 MP: 9/9
  2959 | D:4      | Reached skill level 1 in Invocations
  3070 | D:4      | Acquired Fedhas' second power
  3108 | D:4      | Found a white marble altar of Elyvilon.
  3288 | D:4      | Reached skill level 7 in Stealth
  3288 | D:4      | Reached XP level 7. HP: 44/44 MP: 9/11
  3426 | D:4      | Paralysed by a giant eyeball for 2 turns
  3625 | D:5      | Entered Level 5 of the Dungeon
  3712 | D:5      | Gained mutation: You are partially covered in molten scales (AC +1). [potion of mutation]
  3712 | D:5      | Gained mutation: Your vision is a little blurry. [potion of mutation]
  3712 | D:5      | Gained mutation: You possess an exceptional clarity of mind. [potion of mutation]
  3810 | D:5      | Gained mutation: You are partially covered in rugged brown scales (AC +1, +3% HP). [potion of mutation]
  3810 | D:5      | Gained mutation: Your flesh is heat resistant. [potion of mutation]
  3850 | D:5      | Found a glowing golden altar of the Shining One.
  3907 | D:5      | Found a staircase to the Ecumenical Temple.
  4571 | D:6      | Noticed Menkaure
  4588 | D:6      | Killed Menkaure
  4588 | D:6      | Reached XP level 8. HP: 26/51 MP: 14/14
  4598 | D:6      | Acquired Fedhas' third power
  4730 | D:6      | Found a staircase to the Orcish Mines.
  4772 | D:6      | Reached skill level 5 in Slings
  4772 | D:6      | Reached skill level 8 in Stealth
  4813 | D:6      | Reached skill level 5 in Evocations
  4907 | D:6      | Noticed Blork the orc
  4916 | D:6      | Killed Blork the orc
  4916 | D:6      | Reached skill level 5 in Invocations
  5062 | D:6      | Acquired Fedhas' fourth power
  5162 | D:6      | Paralysed by a giant eyeball for 2 turns
  5309 | D:6      | Found a sand-covered staircase.
  5334 | Ossuary  | Entered an ossuary
  5372 | Ossuary  | Reached XP level 9. HP: 48/55 MP: 16/18
  5528 | Ossuary  | Gained mutation: Space occasionally distorts in your vicinity. [potion of mutation]
  5528 | Ossuary  | Gained mutation: Your body is misshapen. [potion of mutation]
  5528 | Ossuary  | Gained mutation: You are weak. (Str -2) [potion of mutation]
  5600 | Ossuary  | Lost mutation: Your vision is a little blurry. [potion of cure mutation]
  5600 | Ossuary  | Lost mutation: You are weak. (Str -2) [potion of cure mutation]
  5600 | Ossuary  | Lost mutation: Your body is misshapen. [potion of cure mutation]
  5600 | Ossuary  | Lost mutation: You are partially covered in rugged brown scales (AC +1, +3% HP). [potion of cure mutation]
  5600 | Ossuary  | Lost mutation: You possess an exceptional clarity of mind. [potion of cure mutation]
  5701 | D:6      | Noticed Prince Ribbit
  5717 | D:6      | Killed Prince Ribbit
  5822 | D:6      | Reached skill level 9 in Stealth
  6037 | D:7      | Noticed Pikel
  6054 | D:7      | Killed Pikel
  6087 | D:7      | Acquired Fedhas' fifth power
  6283 | D:7      | Noticed Dowan
  6285 | D:7      | Noticed Duvessa
  6289 | D:7      | Killed Duvessa
  6292 | D:7      | Killed Dowan
  6410 | D:7      | Reached XP level 10. HP: 60/60 MP: 21/21
  6442 | D:7      | Found a shattered altar of Ashenzari.
  6447 | D:7      | Saw a vision of the Swamp and the Snake Pit.
  6447 | D:7      | Noticed an alligator
  6447 | D:7      | Noticed an alligator
  6447 | D:7      | Noticed an anaconda
  6448 | D:7      | Noticed an alligator
  6458 | D:7      | Noticed Eustachio
  6470 | D:7      | Killed Eustachio
  6470 | D:7      | Reached skill level 10 in Stealth
  6552 | D:7      | Gained mutation: You have a fast metabolism. [mutagenic meat]
  6553 | D:7      | Gained mutation: You are partially covered in thin metallic scales (AC +2). [mutagenic meat]
  6760 | D:8      | Noticed Duskembrace's ghost (experienced TrMo)
  6773 | D:8      | Killed Duskembrace's ghost
  7330 | D:8      | Noticed Psyche
  7338 | D:8      | Killed Psyche
  7702 | D:8      | Paralysed by a giant eyeball for 3 turns
  7708 | D:8      | Paralysed by a giant eyeball for 2 turns
  8085 | D:9      | Learned a level 2 spell: Swiftness
  8089 | D:9      | Learned a level 3 spell: Passwall
  8292 | D:9      | Found a burning altar of Makhleb.
  8337 | D:9      | Reached skill level 1 in Charms
  8337 | D:9      | Reached skill level 1 in Earth Magic
  8437 | D:9      | Reached skill level 1 in Spellcasting
  8961 | D:9      | Reached XP level 11. HP: 39/64 MP: 23/23
  9005 | D:10     | Entered Level 10 of the Dungeon
  9039 | D:10     | Lost mutation: Your flesh is heat resistant. [potion of cure mutation]
  9039 | D:10     | Lost mutation: You have a fast metabolism. [potion of cure mutation]
  9039 | D:10     | Lost mutation: Space occasionally distorts in your vicinity. [potion of cure mutation]
  9244 | D:10     | Noticed Sonja
  9249 | D:10     | Killed Sonja
  9375 | D:10     | Found a portal to a secret trove of treasure.
  9466 | D:10     | Noticed a hill giant
  9477 | D:10     | Killed a hill giant
  9895 | D:9      | Learned a level 5 spell: Lee's Rapid Deconstruction
 10139 | D:11     | Learned a level 3 spell: Regeneration
 10251 | D:11     | Noticed a four-headed hydra
 10257 | D:11     | Killed a four-headed hydra
 10257 | D:11     | Reached skill level 11 in Stealth
 10273 | D:11     | Reached skill level 1 in Necromancy
 10941 | D:11     | Paralysed by a potion of paralysis for 2 turns
 11037 | D:12     | Found Esmaufit's Serpentskin Sales.
 11296 | D:12     | Found a staircase to the Lair.
 11379 | D:12     | Noticed Maurice
 11391 | D:12     | Killed Maurice
 11473 | D:12     | Found Bran's Armour Emporium.
 11474 | D:12     | Noticed a hill giant
 11490 | D:12     | Killed a hill giant
 11564 | D:12     | Reached skill level 10 in Slings
 11615 | D:12     | Noticed a hill giant
 11873 | D:12     | Reached XP level 12. HP: 70/70 MP: 25/25
 11936 | D:12     | Noticed Erica
 11952 | D:12     | Killed Erica
 12085 | D:12     | Killed a hill giant
 12085 | D:12     | Reached skill level 5 in Earth Magic
 12136 | D:12     | Learned a level 2 spell: Portal Projectile
 12139 | D:12     | Learned a level 2 spell: Blink
 12419 | D:13     | Gained mutation: You have a slow metabolism. [mutagenic meat]
 12420 | D:13     | Gained mutation: You need consume almost no food. [mutagenic meat]
 12459 | D:13     | Noticed an unseen horror
 12470 | D:13     | Killed an unseen horror
 12470 | D:13     | Reached skill level 5 in Charms
 12601 | D:13     | Noticed a wizard
 12610 | D:13     | Killed a wizard
 12615 | D:13     | Paralysed by a giant eyeball for 2 turns
 12651 | D:13     | Noticed a wizard
 12654 | D:13     | Noticed a wizard
 12665 | D:13     | Killed a wizard
 12673 | D:13     | Killed a wizard
 12744 | D:13     | Reached skill level 12 in Stealth
 12756 | D:13     | Noticed a wizard
 12758 | D:13     | Noticed a wizard
 12762 | D:13     | Noticed a wizard
 12777 | D:13     | Killed a wizard
 12791 | D:13     | Killed a wizard
 12870 | D:13     | Noticed an eight-headed hydra
 12875 | D:13     | Noticed a wizard
 12887 | D:13     | Killed from afar by a wizard

Action                   |  1- 3 |  4- 6 |  7- 9 | 10-12 || total
-------------------------+-------+-------+-------+-------++-------
Melee: Short sword       |    52 |       |       |    92 ||   144
       Dagger            |       |       |       |    30 ||    30
       Sling             |       |       |       |     3 ||     3
 Fire: Sling             |    21 |   212 |   451 |   622 ||  1306
Throw: Stone             |       |       |       |     3 ||     3
 Cast: Swiftness         |       |       |       |     2 ||     2
       Regeneration      |       |       |       |    11 ||    11
Invok: Evolution         |       |     1 |     4 |    12 ||    17
       Sunlight          |       |       |     4 |    14 ||    18
Evoke: Wand              |     1 |     1 |     8 |    25 ||    35
  Use: Scroll            |     2 |       |    19 |    12 ||    33
       Potion            |       |     3 |    15 |    10 ||    28
 Stab: Sleeping          |     3 |       |       |     9 ||    12
